[Event "Late-Titled-Tuesday-Blitz-June-18-2024"]
[Site "Chess.com"]
[Date "2024.06.18"]
[Round "6"]
[White "FMalexhdez"]
[Black "EternalNight8"]
[Result "0-1"]
[WhiteElo "2272"]
[BlackElo "2405"]
[TimeControl "180+1"]
[EndTime "15:08:24 PDT"]
[Termination "EternalNight8 won on time"]

1. e4 c5 2. Nf3 d6 3. d4 cxd4 4. Nxd4 Nf6 5. Nc3 Nc6 6. Be3 Ng4 7. Nxc6 bxc6 8. Bd2 Qb6 9. Qf3 g6 10. h3 Nf6 11.
O-O-O Be6 12. Be3 Qb7 13. e5 dxe5 14. Bc5 Rb8 15. Ba3 Bg7 16. Bd3 O-O 17. Ne4 Nxe4 18.
Bxe4 f5 19. Bxc6 Qb6 20. Bd5 e4 21. Bxe6+ Qxe6 22. Qe3 Qxa2 23. c3 Rfc8 0-1

[Event "Late-Titled-Tuesday-Blitz-June-18-2024"]
[Site "Chess.com"]
[Date "2024.06.18"]
[Round "6"]
[White "Jahonas"]
[Black "teresin05"]
[Result "1-0"]
[WhiteElo "2393"]
[BlackElo "2265"]
[TimeControl "180+1"]
[EndTime "15:08:25 PDT"]
[Termination "Jahonas won by checkmate"]

1. d4 d5 2. Nf3 Nf6 3. Bf4 c5 4. e3 Nc6 5. c3 Qb6 6. Qb3 c4 7. Qc2 Bf5 8. Qc1 e6 9. Be2 Be7 10. O-O O-O 11. Bd1 Qd8 12. Bc2 Bxc2 13. Qxc2 b5 14.
b3 Ne4 15. Nbd2 f5 16. Ne5 Nxe5 17. Bxe5 Qb6 18. Nxe4 fxe4 19. bxc4 bxc4 20. Rab1 Qc6 21. a4 Rf7 22. Rb5 a6 23. Rb2 Ba3 24. Rbb1 Bf8 25. a5 Rb7 26. Rxb7 Qxb7 27. Rb1 Qd7 28. Rb6 Be7 29.
h3 Bd8 30. Rd6 Qe8 31. Qe2 Bc7 32. Qg4 Bxd6 33. Qxg7# 1-0

[Event "Late-Titled-Tuesday-Blitz-June-18-2024"]
[Site "Chess.com"]
[Date "2024.06.18"]
[Round "6"]
[White "jamengrand"]
[Black "fabianvivasz"]
[Result "1-0"]
[WhiteElo "2319"]
[BlackElo "2482"]
[TimeControl "180+1"]
[EndTime "15:08:26 PDT"]
[Termination "jamengrand won on time"]

1. e4 e5 2. Nf3 Nc6 3. Nc3 Nf6 4. Nd5 Bc5 5. c3 Nxe4 6. d4 exd4 7. Bd3 Nf6 8. Qe2+ Be7 9. Nxf6+ gxf6 10. O-O d5 11. Nxd4 Nxd4 12. cxd4 Be6 13. Bf4 c6 14. Rfe1 Qd7 15. a4 Bd6 16. Bxd6 Qxd6 17. Qf3 Qe7 18. b4 O-O-O 19. b5 Rd6 20. bxc6 Rxc6 21. a5 Rg8 22. h3 Qd7 23. Bb5 Bxh3 24. Bxc6 bxc6 25. g3 Bf5 26. Ra2 Be4 27. Qxf6 Qh3 28. Qxc6+ Kd8 29. Rxe4 Rxg3+ 30. fxg3 Qxg3+ 31. Rg2 1-0

[Event "Late-Titled-Tuesday-Blitz-June-18-2024"]
[Site "Chess.com"]
[Date "2024.06.18"]
[Round "6"]
[White "Kavyev_Ruslan"]
[Black "GlavkonVVS"]
[Result "0-1"]
[WhiteElo "2383"]
[BlackElo "2530"]
[TimeControl "180+1"]
[EndTime "15:08:28 PDT"]
[Termination "GlavkonVVS won by resignation"]

1. d4 Nf6 2. c4 c5 3. d5 e6 4. Nc3 exd5 5. cxd5 d6 6. Nf3 g6 7. e4 Bg7 8. Bb5+ Nbd7 9. a4 O-O 10. O-O a6 11. Bd3 Re8 12. Re1 Ng4 13. Bg5 Qc7 14.
Nd2 Nde5 15. Nc4 Nxc4 16. Bxc4 Rb8 17. a5 Bd7 18. h3 Ne5 19. Bf1 h6 20. Bf4 b5 21.
axb6 Rxb6 22. Na4 Rb4 23. Qc2 Bb5 24. Bd2 Bxa4 25. Rxa4 Rxb2 26. Qc1 Kh7 27. Bc3 Rb3 28. Bxe5 Bxe5 29. Rxa6 Reb8 30. Rc6 Qe7 31. Qc4 Qf6 32.
Qe2 Rb2 33. Qf3 Qxf3 34. gxf3 Rd2 35. Re2 Rd1 36. Rc7 Kg7 37. f4 Bxf4 38. e5 Bxe5 39.
f4 Bxf4 40. Ree7 Rf8 41. Kf2 Bg5 42. Red7 Bf4 43. Be2 Rxd5 44. Kf3 Rf5 45. Bd3 Rf6 46. Kg4 Be5 47. Bc4 Rf4+ 48. Kg3 Rxc4+ 0-1

[Event "Late-Titled-Tuesday-Blitz-June-18-2024"]
[Site "Chess.com"]
[Date "2024.06.18"]
[Round "6"]
[White "LUISMIGUELOV"]
[Black "Mikhal867"]
[Result "0-1"]
[WhiteElo "2204"]
[BlackElo "2452"]
[TimeControl "180+1"]
[EndTime "15:08:28 PDT"]
[Termination "Mikhal867 won on time"]

1. e4 g6 2. d4 Bg7 3. c3 d6 4. Bd3 a6 5. Nf3 Nd7 6. Bg5 h6 7. Bh4 Ngf6 8. h3 Nh5 9. Na3 g5 10.
Bg3 Nxg3 11. fxg3 b5 12. Nc2 c5 13. O-O Bb7 14. d5 c4 15. Be2 Nc5 16. Ncd4 Nxe4 17.
Nf5 Bf6 18. g4 Qb6+ 19. N3d4 Bxd5 20. Kh2 e6 21. Ne3 Be5+ 22. Kg1 Bb7 23. Bf3 Nc5 24.
Bxb7 Qxb7 25. a4 Nd3 26. axb5 Bxd4 27. cxd4 axb5 28. Rxa8+ Qxa8 29. b3 Qe4 30. Nc2 cxb3 31. Ne1 Qxd4+ 32. Kh2 Qe5+ 33. Kg1 Nf4 34. Qxb3 O-O 35.
Nf3 Qc5+ 0-1

[Event "Late-Titled-Tuesday-Blitz-June-18-2024"]
[Site "Chess.com"]
[Date "2024.06.18"]
[Round "6"]
[White "rasmussvane"]
[Black "manitodeplomo"]
[Result "1-0"]
[WhiteElo "2980"]
[BlackElo "2673"]
[TimeControl "180+1"]
[EndTime "15:08:29 PDT"]
[Termination "rasmussvane won on time"]

1. Nf3 d5 2. g3 c6 3. Bg2 Bf5 4. O-O e6 5. c4 h6 6. Qb3 b6 7. cxd5 cxd5 8. Nc3 Nf6 9. Ne5 Bd6 10. Qa4+ Ke7 11. d4 Qe8 12. Qb3 Nc6 13. Nxc6+ Qxc6 14. Be3 Rhc8 15. Rfc1 Qc4 16. Nxd5+ exd5 17. Rxc4 dxc4 18.
Qd1 Rab8 19. Bf4 Bxf4 20. gxf4 Kf8 21. f3 c3 22. bxc3 Rxc3 23. e4 Bd7 24. Rc1 Rbc8 25. Rxc3 Rxc3 26. d5 Rc5 27. Bf1 Bb5 28. Bxb5 Rxb5 29.
d6 Rc5 30. d7 1-0

[Event "Late-Titled-Tuesday-Blitz-June-18-2024"]
[Site "Chess.com"]
[Date "2024.06.18"]
[Round "6"]
[White "KebabJangles"]
[Black "Heliosis11"]
[Result "1/2-1/2"]
[WhiteElo "2288"]
[BlackElo "2426"]
[TimeControl "180+1"]
[EndTime "15:08:30 PDT"]
[Termination "Game drawn by repetition"]

1. d4 Nf6 2. c4 e6 3. g3 Bb4+ 4. Bd2 Be7 5. Bg2 d5 6. Qc2 O-O 7.
Nf3 c6 8. O-O Nbd7 9. Bf4 b6 10.
Nbd2 Nh5 11. Be5 Nxe5 12. Nxe5 Bb7 13. e4 Nf6 14. Rad1 Rc8 15. exd5 cxd5 16. b3 Qc7 17. Qb2 dxc4 18. Ndxc4 Bxg2 19. Kxg2 Qb7+ 20. Kg1 Nd5 21. Ne3 Nc3 22. Rc1 Ne4 23. f3 Nf6 24. Kf2 Nd5 25.
Nxd5 Qxd5 26. Rfd1 f6 27. Nc4 Rfd8 28. Ne3 Qh5 29. Kg2 Qh6 30. Qf2 Ba3 31. Rxc8 Rxc8 32. d5 Bc5 33. Ng4 Bxf2 34. Nxh6+ gxh6 35. Kxf2 Rc2+ 36. Ke3 exd5 37. Rd2 Rxd2 38. Kxd2 h5 39. h4 Kf7 40. Kd3 Ke6 41. Kd4 Kd6 42. b4 b5 43. a3 a6 44. f4 Ke6 45. Kc5 h6 46. Kd4 Kd6 47. f5 Kc6 48. Kd3 Kd7 49. Ke3 Kc7 50. Kd3 Kd7 51.
Kc3 Ke7 52. Kd3 Kd6 53. Kd4 Kc6 54. Ke3 Kc7 55. Kd3 Kb6 56. Kd4 Kc6 1/2-1/2

[Event "Late-Titled-Tuesday-Blitz-June-18-2024"]
[Site "Chess.com"]
[Date "2024.06.18"]
[Round "6"]
[White "ChessLover0108"]
[Black "edgarhay012"]
[Result "1-0"]
[WhiteElo "2939"]
[BlackElo "2713"]
[TimeControl "180+1"]
[EndTime "15:08:31 PDT"]
[Termination "ChessLover0108 won by resignation"]

1. d4 Nf6 2. c4 e6 3. Nf3 d5 4.
g3 c5 5. cxd5 exd5 6. Bg2 Nc6 7.
O-O c4 8. Bg5 Be7 9. Bxf6 Bxf6 10.
Nc3 O-O 11. e3 Be6 12. Nd2 Re8 13. b3 Rc8 14. Rc1 Qa5 15. bxc4 dxc4 16. d5 Bxc3 17. Nxc4 Qb4 18. dxe6 fxe6 19. Qe2 Nd4 20. exd4 Qxc4 21. Qxc4 Rxc4 22. Bxb7 Rd8 23. Rfd1 Kf7 24. d5 Ke7 25. Rd3 Rb4 26. Rdxc3 Rxb7 27. Rc7+ Rd7 28. Rxb7 Rxb7 29. dxe6 Kxe6 30. Rc6+ Kd5 31. Ra6 Ke4 32. Kg2 Rc7 33. h4 h6 34. h5 Rb7 35. g4 Kf4 36. Ra4+ Kg5 37. Kg3 Rc7 38. Ra6 Rc3+ 39. f3 1-0

[Event "Late-Titled-Tuesday-Blitz-June-18-2024"]
[Site "Chess.com"]
[Date "2024.06.18"]
[Round "6"]
[White "hoshiboshi"]
[Black "pinelone"]
[Result "1-0"]
[WhiteElo "2261"]
[BlackElo "2453"]
[TimeControl "180+1"]
[EndTime "15:08:31 PDT"]
[Termination "hoshiboshi won by checkmate"]

1. e4 c6 2. d4 d5 3. e5 c5 4.
Nf3 Bg4 5. Bb5+ Nc6 6. dxc5 e6 7. b4 Qc7 8. Bb2 Ne7 9. O-O a6 10. Ba4 Ng6 11. Nbd2 Be7 12. h3 Bxf3 13. Nxf3 O-O 14. Bxc6 Qxc6 15. Nd4 Qc7 16. f4 b6 17. cxb6 Qxb6 18.
c3 Rac8 19. Qe2 Rc4 20. Rae1 Rfc8 21. f5 exf5 22. Rxf5 Bxb4 23. cxb4 Rc2 24. Qf3 Rxb2 25. Qxd5 Qc7 26. e6 Rd8 27. exf7+ Kf8 28. Ne6+ Ke7 29. f8=Q+ Rxf8 30. Nxc7+ Ne5 31. Rexe5# 1-0

[Event "Late-Titled-Tuesday-Blitz-June-18-2024"]
[Site "Chess.com"]
[Date "2024.06.18"]
[Round "6"]
[White "scandalgod"]
[Black "HouseOfDurin"]
[Result "1-0"]
[WhiteElo "2627"]
[BlackElo "2351"]
[TimeControl "180+1"]
[EndTime "15:08:33 PDT"]
[Termination "scandalgod won on time"]

1. d4 Nf6 2. c4 c5 3. d5 b5 4. cxb5 a6 5. e3 axb5 6. Bxb5 Bb7 7. Nc3 e6 8. e4 Qa5 9. Bd2 Nxe4 10. dxe6 fxe6 11.
Qh5+ g6 12. Qe5 Nxd2 13. Qxh8 Bxg2 14. Qxh7 Bxh1 15. Qxg6+ Kd8 16. Qg8 Ne4 17. Qxf8+ Kc7 18. Ne2 Nc6 19. Qg7 Bf3 20. O-O-O Rd8 21. Nxe4 Bxe4 22.
Nc3 Bd5 23. Qg3+ Kb7 24. Qd6 Qc7 25. Qxc5 Qf4+ 26. Rd2 Rg8 27. Nxd5 Rg1+ 28. Kc2 exd5 29. Qxd5 1-0

[Event "Late-Titled-Tuesday-Blitz-June-18-2024"]
[Site "Chess.com"]
[Date "2024.06.18"]
[Round "6"]
[White "madmax011"]
[Black "Hirna2005"]
[Result "0-1"]
[WhiteElo "2369"]
[BlackElo "2278"]
[TimeControl "180+1"]
[EndTime "15:08:34 PDT"]
[Termination "Hirna2005 won by resignation"]

1. d4 g6 2. c4 Bg7 3. Nc3 d6 4. e4 Nc6 5. Be3 e5 6. Nf3 Bg4 7. d5 Nd4 8. Bxd4 exd4 9. Nb5 c5 10. dxc6 bxc6 11. Nbxd4 Qb6 12. Qa4 Rc8 13. Rd1 Bxd4 14. Rxd4 Bxf3 15. c5 dxc5 16. Rd6 Bg4 17. Ba6 Rc7 18. O-O Ne7 19. h3 Be6 20. Rfd1 O-O 21. Be2 Qb4 22. Qc2 c4 23. a3 Qc5 24. b4 Qe5 25. g3 Bxh3 26. Bxc4 Be6 27. Be2 Bd5 28. R1xd5 Nxd5 29. Rxc6 Rxc6 30. Qxc6 Qxe4 31. Bc4 Qe1+ 32.
Kg2 Ne7 33. Qc7 Qe4+ 34. Kg1 Nf5 35. b5 Nd4 36. a4 Nf3+ 37. Kf1 Qxc4+ 38. Qxc4 Nd2+ 0-1

[Event "Late-Titled-Tuesday-Blitz-June-18-2024"]
[Site "Chess.com"]
[Date "2024.06.18"]
[Round "6"]
[White "ALRS-SPS"]
[Black "santosalberto1987"]
[Result "0-1"]
[WhiteElo "2421"]
[BlackElo "2573"]
[TimeControl "180+1"]
[EndTime "15:08:38 PDT"]
[Termination "santosalberto1987 won by resignation"]

1. e4 e6 2. d4 d5 3. Nd2 c5 4.
exd5 Qxd5 5. dxc5 Bxc5 6. Ngf3 Nf6 7. Bc4 Qc6 8. O-O a6 9. Qe2 O-O 10. Bd3 Nbd7 11. Ne4 Nxe4 12. Qxe4 Qxe4 13. Bxe4 Nf6 14. Bd3 b5 15. Bg5 Bb7 16. Ne5 Rfd8 17. Rad1 Bd4 18.
Nf3 Bxb2 19. c4 b4 20. Bb1 a5 21. Rfe1 Bc3 22. Rf1 Ba6 23. Bd3 Rxd3 24. Rxd3 Bxc4 25. Rxc3 bxc3 26. Rc1 Nd5 27. Nd4 Bxa2 28. Nc6 f6 29. Bh4 Bb3 30. f3 a4 31. Be1 a3 32. Nd4 Bc4 33. Bxc3 Nxc3 34. Rxc3 a2 35. Nc2 a1=Q+ 36. Nxa1 Rxa1+ 37. Kf2 Bd5 38. Rc8+ Kf7 39. Rc7+ Kg6 40.
Kg3 h5 41. Rc8 Ra2 42. h4 e5 43. Rc5 Ba8 44. Rb5 e4 45. fxe4 Bxe4 46. Kf4 Bxg2 47.
Rb3 Bd5 48. Rg3+ Kh6 49. Rd3 Be6 50. Rg3 Ra4+ 51. Ke3 Rxh4 52. Rg1 Ra4 53. Kf3 g5 54. Rf1 Rf4+ 55. Kg2 Bh3+ 56. Kxh3 Rxf1 57. Kh2 f5 58.
Kg3 h4+ 59. Kg2 Ra1 60. Kh3 Ra3+ 61. Kg2 Kh5 62. Kf2 h3 63. Kg1 Kh4 0-1

[Event "Late-Titled-Tuesday-Blitz-June-18-2024"]
[Site "Chess.com"]
[Date "2024.06.18"]
[Round "6"]
[White "JG1me"]
[Black "InadaC"]
[Result "1-0"]
[WhiteElo "2550"]
[BlackElo "2280"]
[TimeControl "180+1"]
[EndTime "15:08:38 PDT"]
[Termination "JG1me won by resignation"]

1. e4 e6 2. Qe2 c5 3. g3 Nc6 4. c3 Nge7 5. Bg2 d5 6. d3 g6 7. Nf3 Bg7 8. O-O O-O 9. Bf4 Qb6 10. h4 d4 11. c4 e5 12. Bc1 f5 13.
exf5 Bxf5 14. Ng5 Nb4 15. Ne4 Nec6 16. a3 Na6 17. Nbd2 Rad8 18. Ng5 Rfe8 19. Bd5+ Rxd5 20. cxd5 Ne7 21. Nc4 Qf6 22. Ne4 Qf8 23. Ncd6 Rd8 24. Nxf5 Nxf5 25. Qc2 Rxd5 26. Qb3 Nc7 27. Qxb7 Ne7 28.
Qxc7 Nf5 29. Qc6 Rd8 30. Bg5 Rc8 31. Qe6+ Kh8 32. Bf6 Re8 33. Bxg7+ Kxg7 34. Qd7+ Re7 35. Qd5 Qc8 36. Qxc5 Qe8 37. Nd6 Nxd6 38. Qxd6 Re6 39.
Qd5 e4 40. Qxd4+ Kh6 41. dxe4 Rxe4 42. Qd2+ Kg7 43. Rac1 Qa4 44. Rc7+ Kf8 45. Qd8+ Re8 46. Qf6+ Kg8 47. Rg7+ Kh8 48. Re7+ 1-0

[Event "Late-Titled-Tuesday-Blitz-June-18-2024"]
[Site "Chess.com"]
[Date "2024.06.18"]
[Round "6"]
[White "ArmanGhevondyanchess"]
[Black "SilverCityIndigo"]
[Result "1-0"]
[WhiteElo "2584"]
[BlackElo "2401"]
[TimeControl "180+1"]
[EndTime "15:08:38 PDT"]
[Termination "ArmanGhevondyanchess won by resignation"]

1. Nf3 Na6 2. g3 c6 3. Bg2 Nc7 4. O-O g6 5. d4 Bg7 6. c4 d5 7. cxd5 cxd5 8. Nc3 Nf6 9. Bf4 O-O 10. Rc1 Nfe8 11.
Qb3 e6 12. Rfd1 b5 13. Ne5 g5 14. Nc6 Qd7 15. Bxg5 Qxc6 16. Nxd5 Qd7 17. Ne7+ Kh8 18.
Bc6 Qd6 19. Bxa8 f6 20. Nxc8 Qd8 21. Bf4 Nxa8 22. Nxa7 Nd6 23. Nxb5 Nf5 24. Qxe6 Ne7 25. Bd6 Re8 26. Bxe7 Rxe7 27. Rc8 1-0

[Event "Late-Titled-Tuesday-Blitz-June-18-2024"]
[Site "Chess.com"]
[Date "2024.06.18"]
[Round "6"]
[White "th3d4rkness"]
[Black "jaramsdal"]
[Result "1-0"]
[WhiteElo "2227"]
[BlackElo "2441"]
[TimeControl "180+1"]
[EndTime "15:08:38 PDT"]
[Termination "th3d4rkness won by resignation"]

1. e4 c5 2. Nc3 g6 3. d4 cxd4 4. Qxd4 Nf6 5. Qd2 Nc6 6. b3 Bg7 7. f3 d5 8. Bb2 dxe4 9. Qxd8+ Nxd8 10. Nxe4 O-O 11. Nxf6+ Bxf6 12. Bxf6 exf6 13. Bd3 Re8+ 14.
Kf2 Ne6 15. Ne2 Bd7 16. Rad1 Nc5 17. a4 Nxd3+ 18. Rxd3 Bf5 19. Rd2 Rac8 20. c4 Rc7 21. Rhd1 Rce7 22. Nd4 Bc8 23. Nb5 Bf5 24. Nd6 Rd8 25. Nxf5 Rxd2+ 26. Rxd2 gxf5 27. Rd5 f4 28. Rd4 Re3 29. b4 Rb3 30. c5 Rb2+ 31. Kf1 Rb1+ 32. Ke2 Rb2+ 33. Kd3 Rxg2 34. h4 Ra2 35. a5 Ra3+ 36.
Ke4 Kg7 37. Kxf4 a6 38. Rd7 Rc3 39. Rxb7 Rc4+ 40. Kg3 f5 41. Rb6 h5 42. Rxa6 f4+ 43. Kf2 Rxb4 44. Rb6 Rc4 45. c6 Rc2+ 46. Ke1 Rc3 47.
Ke2 Rc2+ 48. Kd3 Ra2 49. a6 f5 50. Kd4 Kf6 51. c7+ 1-0

[Event "Late-Titled-Tuesday-Blitz-June-18-2024"]
[Site "Chess.com"]
[Date "2024.06.18"]
[Round "6"]
[White "Andrey-Ivanov2011"]
[Black "LoonsDeKoeben"]
[Result "0-1"]
[WhiteElo "2140"]
[BlackElo "2413"]
[TimeControl "180+1"]
[EndTime "15:08:38 PDT"]
[Termination "LoonsDeKoeben won by checkmate"]

1. d4 Nf6 2. c4 e6 3. Nc3 b6 4.
Nf3 Bb7 5. g3 Bb4 6. Bd2 Bxc3 7.
Bxc3 Ne4 8. Bg2 O-O 9. O-O Nxc3 10. bxc3 f5 11. Ne5 Bxg2 12. Kxg2 d6 13. Nf3 Nd7 14.
Qd2 Qc8 15. Rad1 Qa6 16. Qd3 Rad8 17. Ng5 Rde8 18. Rd2 h6 19. Nf3 Nf6 20. Rb2 Ne4 21. Nd2 Nxd2 22. Rxd2 e5 23. dxe5 Rxe5 24. Rb2 Rc5 25.
Rb5 Qxa2 26. Rxc5 bxc5 27. Qd5+ Kh8 28. Qb7 Qxc4 29. Qxa7 Rf7 30. Qb8+ Kh7 31. Qe8 Qe4+ 32. Qxe4 fxe4 33. e3 Kg6 34. Rb1 Kf6 35. Rb7 Ke6 36. c4 Kd7 37. Kf1 Kc6 38. Rb1 Kd7 39. Ke2 Kc6 40. h4 d5 41. cxd5+ Kxd5 42. Rd1+ Kc4 43. Rc1+ Kb4 44. Rb1+ Ka4 45. Ra1+ Kb3 46. Rb1+ Kc2 47. Rb5 c4 48. Rb4 c3 49. Rxe4 Rd7 50. Rc4 Rd2+ 51.
Ke1 Rd7 52. g4 Kb3 53. Rc6 c2 54. Rc5 Rd1+ 55. Ke2 c1=Q 56. Rxc1 Rxc1 57. g5 hxg5 58. hxg5 Kc4 59. f4 Kd5 60. Kf3 Ke6 61. e4 g6 62.
Kg4 Rg1+ 63. Kf3 Re1 64. f5+ gxf5 65. g6 Rg1 66. exf5+ Kxf5 67. g7 Rxg7 68. Ke3 Rd7 69. Ke2 c5 70. Ke3 c4 71. Ke2 c3 72. Ke3 c2 73. Ke2 c1=Q 74. Kf2 Rd2+ 75. Kg3 Qc3+ 76. Kh4 Rh2# 0-1

[Event "Late-Titled-Tuesday-Blitz-June-18-2024"]
[Site "Chess.com"]
[Date "2024.06.18"]
[Round "6"]
[White "temus_galaktionov"]
[Black "xakevicius91"]
[Result "1-0"]
[WhiteElo "2874"]
[BlackElo "2640"]
[TimeControl "180+1"]
[EndTime "15:08:39 PDT"]
[Termination "temus_galaktionov won by resignation"]

1. d4 Nf6 2. Nf3 e6 3. c4 b6 4. g3 Bb7 5. Bg2 Be7 6. Nc3 O-O 7. Qc2 c5 8. d5 exd5 9. Nh4 Na6 10. cxd5 Nb4 11.
Qd1 d6 12. Nf5 Re8 13. O-O Na6 14. e4 Bf8 15. Re1 Nc7 16. a4 a6 17. Bf1 Qd7 18. Bg5 Qd8 19. Qb3 b5 20. axb5 axb5 21. Rxa8 Bxa8 22. Nxb5 Na6 23. Nbxd6 Bxd6 24. Bxa6 Bxd5 25. Qd1 Be5 26. exd5 h6 27. Bxf6 Qxf6 28. Bd3 Rb8 29. b3 Ra8 30. Qf3 Bc3 31. Re2 Kh8 32. Kg2 Rd8 33.
Bc4 Ba1 34. h4 Bb2 35. Ne7 Be5 36. Nc6 Re8 37. Qxf6 gxf6 38. f4 1-0

[Event "Late-Titled-Tuesday-Blitz-June-18-2024"]
[Site "Chess.com"]
[Date "2024.06.18"]
[Round "6"]
[White "tactic"]
[Black "Pelusiansky"]
[Result "1-0"]
[WhiteElo "2751"]
[BlackElo "2566"]
[TimeControl "180+1"]
[EndTime "15:08:39 PDT"]
[Termination "tactic won by resignation"]

1. e4 e5 2. Nf3 Nf6 3. d4 d5 4. Nxe5 Nxe4 5. Bd3 Be7 6. O-O O-O 7. c4 c6 8. Nc3 Nf6 9. cxd5 cxd5 10. Qb3 Nc6 11. Be3 Na5 12. Qc2 Be6 13. Rac1 Rc8 14. Bf5 Nc4 15. Bxe6 fxe6 16. Nxc4 Rxc4 17. Qb3 Qd7 18. Ne2 Rfc8 19. Rc3 b5 20. Nf4 b4 21. Rcc1 Bd6 22. Nd3 a5 23. Nc5 Bxc5 24. dxc5 Qb5 25. Qd3 Ne4 26. b3 Nc3 27. Rxc3 bxc3 28. bxc4 Qa6 29. Qxc3 a4 30. cxd5 exd5 31. Qe5 Qc6 32. Bd4 Qd7 33.
Re1 h6 34. h3 Rf8 35. Qe7 1-0

[Event "Late-Titled-Tuesday-Blitz-June-18-2024"]
[Site "Chess.com"]
[Date "2024.06.18"]
[Round "6"]
[White "dosto07"]
[Black "StoreySniper"]
[Result "1-0"]
[WhiteElo "2605"]
[BlackElo "2406"]
[TimeControl "180+1"]
[EndTime "15:08:39 PDT"]
[Termination "dosto07 won on time"]

1. e4 g6 2. d4 Bg7 3. Nf3 c5 4. d5 d6 5. Bb5+ Bd7 6. a4 Nf6 7. Nc3 O-O 8. O-O Bxb5 9. axb5 Nbd7 10. h3 Ne8 11. Bf4 Nc7 12. Re1 f6 13. Qd2 a6 14.
bxa6 Nxa6 15. Bh6 Bxh6 16. Qxh6 Nb4 17. Qd2 Ne5 18. Nh2 Nc4 19. Qe2 Ne5 20. Qb5 Qd7 21. Qe2 Qc7 22. Reb1 c4 23. Qd1 Qc5 24. Ne2 b5 25.
Nf4 Rfb8 26. Ne6 Qb6 27. Nf1 Na6 28. Ne3 Nc5 29. Rxa8 Rxa8 30. Ra1 Rxa1 31. Qxa1 Nxe6 32. dxe6 Qb8 33. Nd5 Kf8 34. Qa6 b4 35. f4 1-0

[Event "Late-Titled-Tuesday-Blitz-June-18-2024"]
[Site "Chess.com"]
[Date "2024.06.18"]
[Round "6"]
[White "Dolphin_2010"]
[Black "HalfIsCrayfish"]
[Result "1-0"]
[WhiteElo "2796"]
[BlackElo "2569"]
[TimeControl "180+1"]
[EndTime "15:08:40 PDT"]
[Termination "Dolphin_2010 won by resignation"]

1. e4 c5 2. Be2 Nc6 3. f4 g6 4. Nf3 Bg7 5. O-O d6 6. c3 Nf6 7. d3 O-O 8. Kh1 Rb8 9. Be3 b5 10. a3 a5 11. Nbd2 b4 12. d4 bxc3 13. bxc3 cxd4 14.
cxd4 d5 15. e5 Ne4 16. Qc2 Nxd2 17. Nxd2 Bd7 18. Nb3 a4 19. Nc5 Na5 20. Qc3 Nb3 21. Rab1 Bf5 22. Bd3 Nxc5 23. dxc5 Bxd3 24. Qxd3 Qd7 25.
Bd4 e6 26. Qa6 Rxb1 27. Rxb1 Rc8 28. Rb7 Qc6 29. Rb6 Qc7 30. Qxa4 Bf8 31. c6 h5 32. Qa6 Bh6 33. g3 g5 34. fxg5 Bxg5 35. a4 Bd8 36. a5 h4 37. Qb7 hxg3 38. hxg3 Qe7 39.
Qxc8 Qa3 40. Qxd8+ Kh7 41. Qh4+ 1-0

[Event "Late-Titled-Tuesday-Blitz-June-18-2024"]
[Site "Chess.com"]
[Date "2024.06.18"]
[Round "6"]
[White "evgchess5"]
[Black "GasconJR"]
[Result "1-0"]
[WhiteElo "2918"]
[BlackElo "2653"]
[TimeControl "180+1"]
[EndTime "15:08:41 PDT"]
[Termination "evgchess5 won by resignation"]

1. e4 e5 2. Nf3 Nc6 3. Bc4 Nf6 4. d3 Bc5 5. c3 d6 6. O-O a6 7. Bb3 Ba7 8. Be3 Bxe3 9. fxe3 O-O 10. Nbd2 Be6 11. Bc2 h6 12. h3 Ne7 13. Nh4 Nh7 14.
d4 c5 15. Kh2 Rc8 16. Bd3 b5 17. Qh5 f6 18. Rf2 Qe8 19. Qe2 Ng5 20. a3 Kh8 21. Raf1 Qd7 22. Nf5 Bxf5 23. exf5 exd4 24. exd4 cxd4 25. cxd4 Nc6 26. Qg4 Qa7 27. h4 Nf7 28. Nf3 Rfe8 29. Rc2 d5 30. Rfc1 Ne7 31. Qf4 Qb8 32.
Qxb8 Rxb8 33. g4 b4 34. a4 b3 35. Rc7 Rb4 36. Bxa6 h5 37. Bb5 1-0

[Event "Late-Titled-Tuesday-Blitz-June-18-2024"]
[Site "Chess.com"]
[Date "2024.06.18"]
[Round "6"]
[White "arctic_t00"]
[Black "rdarruda"]
[Result "0-1"]
[WhiteElo "2709"]
[BlackElo "2572"]
[TimeControl "180+1"]
[EndTime "15:08:42 PDT"]
[Termination "rdarruda won on time"]

1. d4 Nf6 2. Nf3 e6 3. Bf4 b6 4.
e3 Bb7 5. Nbd2 d6 6. h3 Be7 7. Bd3 O-O 8. O-O c5 9. c3 Nc6 10. Qe2 Re8 11. Bh2 Qd7 12. Rad1 Rad8 13. Rfe1 Qc8 14. a3 h6 15. Rc1 Bf8 16. e4 cxd4 17.
cxd4 Qa8 18. Rc2 Rc8 19. Rec1 d5 20. e5 Nd7 21. b4 Ne7 22. Rc7 Red8 23. Bb5 Rxc7 24.
Rxc7 Nb8 25. Rc2 Rc8 26. Rxc8 Bxc8 27. Nb3 Bd7 28. Bd3 Qc6 29. b5 Qc3 30. Nfd2 Qb2 31. a4 Qa3 32. a5 bxa5 33. Nc5 Qc3 34. Nf3 a4 35. Bf4 a3 36. Qa2 Nc8 37. Bd2 Qb2 38.
Qxb2 axb2 39. Nxd7 Nxd7 40. Bc3 Ba3 41. Nd2 Ncb6 42.
Bc2 Nc4 43. Nb1 Ndb6 0-1

[Event "Late-Titled-Tuesday-Blitz-June-18-2024"]
[Site "Chess.com"]
[Date "2024.06.18"]
[Round "6"]
[White "nihalsarin"]
[Black "baki83"]
[Result "1-0"]
[WhiteElo "3193"]
[BlackElo "2826"]
[TimeControl "180+1"]
[EndTime "15:08:43 PDT"]
[Termination "nihalsarin won by resignation"]

1. d4 d5 2. c4 e6 3. Nc3 Be7 4. Nf3 Nf6 5. g3 O-O 6. Bg2 c6 7. O-O a5 8. Nd2 c5 9. dxc5 Bxc5 10. cxd5 exd5 11. Nb3 Bb6 12. Na4 Ba7 13. Bg5 Nc6 14.
Bxf6 Qxf6 15. Qxd5 Be6 16. Qb5 Ne5 17. Nbc5 Rac8 18.
Nxe6 fxe6 19. Nc3 Bxf2+ 20. Kh1 Ng4 21. Bf3 Rc5 22. Qd3 Ne5 23. Qe4 Nxf3 24. Rxf2 Rxc3 25. bxc3 Qxc3 26. Raf1 1-0

[Event "Late-Titled-Tuesday-Blitz-June-18-2024"]
[Site "Chess.com"]
[Date "2024.06.18"]
[Round "6"]
[White "Aswathchess"]
[Black "SpeedofLight0"]
[Result "0-1"]
[WhiteElo "2781"]
[BlackElo "3035"]
[TimeControl "180+1"]
[EndTime "15:08:43 PDT"]
[Termination "SpeedofLight0 won on time"]

1. e4 g6 2. d4 Bg7 3. Nc3 c6 4. Be3 b5 5. f4 a5 6. Nf3 d6 7. Bd3 Ba6 8. Ne2 Nd7 9. Ng3 Ngf6 10. f5 O-O 11. h3 e5 12. fxe6 fxe6 13. O-O e5 14. c3 Qe7 15. a4 Kh8 16. axb5 Bxb5 17. Qe2 Bxd3 18. Qxd3 d5 19. Rae1 Rae8 20. dxe5 Nxe5 21.
Nxe5 Qxe5 22. Bd4 Qe6 23. exd5 Qxe1 24. Rxe1 Rxe1+ 25. Kh2 cxd5 26. Qb5 Rb1 27. Qxa5 Rxb2 28. Qc7 Rb1 29. Ne2 Rf1 30. Nf4 Ne8 31. Bxg7+ Nxg7 32. Nxd5 h5 33. Qd6 Kh7 34. c4 h4 35. Qe7 Ra8 36.
Qxh4+ Nh5 37. Qe7+ Kh6 38. c5 Raa1 39. Qe3+ Kh7 40.
Qe7+ Kg8 41. Qe6+ Kg7 42. Qe5+ Kh7 43. Qe7+ Kh6 44. Qe3+ g5 45. Qe6+ Kg7 46. Qe5+ Kf7 47.
Qe7+ Kg6 48. Qe6+ Kh7 49. Qe7+ Kh6 50. Qe6+ Kh7 51. Qe4+ Kg7 52. Qd4+ Kf7 0-1

[Event "Late-Titled-Tuesday-Blitz-June-18-2024"]
[Site "Chess.com"]
[Date "2024.06.18"]
[Round "6"]
[White "Arteler"]
[Black "AlexanderMatlak"]
[Result "1-0"]
[WhiteElo "2235"]
[BlackElo "2448"]
[TimeControl "180+1"]
[EndTime "15:08:43 PDT"]
[Termination "Arteler won by resignation"]

1. Nf3 Nf6 2. c4 c5 3. d4 cxd4 4. Nxd4 b6 5. g3 Bb7 6. Nf3 g6 7. Bg2 Bg7 8. O-O O-O 9. Nc3 d6 10. Qc2 Nbd7 11. b3 a6 12. Bb2 Rc8 13. Rac1 b5 14.
cxb5 axb5 15. b4 Nb6 16. Qd3 Nc4 17. Ba1 Qb6 18. a4 Bxf3 19. a5 Bxe2 20. Qxe2 Qa6 21. Qxe7 d5 22. Nxd5 Nxd5 23. Bxd5 Bxa1 24. Rxa1 Nd6 25.
Rac1 Nf5 26. Qb7 Qxb7 27. Bxb7 Rb8 28. a6 Nd6 29. Bg2 Nc4 30. a7 Rbd8 31. Ra1 1-0

[Event "Late-Titled-Tuesday-Blitz-June-18-2024"]
[Site "Chess.com"]
[Date "2024.06.18"]
[Round "6"]
[White "vladislavkovalev"]
[Black "yobdc"]
[Result "1-0"]
[WhiteElo "2872"]
[BlackElo "2572"]
[TimeControl "180+1"]
[EndTime "15:08:46 PDT"]
[Termination "vladislavkovalev won on time"]

1. e4 c5 2. Nf3 Nf6 3. Nc3 Nc6 4. Bb5 Qc7 5. O-O Nd4 6. Re1 e6 7. e5 Ng8 8. d3 a6 9. Ba4 b5 10. Bb3 Nxb3 11. axb3 Bb7 12. Bf4 Ne7 13. Ne4 Ng6 14. Bg3 Bxe4 15. dxe4 Be7 16. h4 h5 17. Qe2 d6 18. exd6 Bxd6 19. Bxd6 Qxd6 20. Red1 Qc6 21. g3 f6 22. Rd2 Rd8 23. Rad1 Ke7 24. Rxd8 Rxd8 25.
Rxd8 Kxd8 26. Nd2 Qd6 27. Qxh5 Ne5 28. Qh8+ Kc7 29. Qxg7+ Kb6 30. Qxf6 Nc6 31. Qf4 Qd4 32. c3 Qd3 33. h5 a5 34. h6 a4 35. bxa4 bxa4 36.
h7 Qd8 37. Qh6 Qh8 38. Nc4+ Kb5 39. Nd6+ Kb6 40. Nf7 Qe8 41. Qf6 1-0